 Dungeon Crawl Stone Soup version 0.20-a0-640-g62ed22f (webtiles) character file.

6225 slumpy the Cleaver (level 11, -5/81 HPs)
             Began as a Formicid Fighter on Feb 12, 2017.
             Was a Follower of Okawaru.
             Slain by Gastronok (20 damage)
             ... on level 8 of the Dungeon.
             The game lasted 00:29:03 (10169 turns).

slumpy the Cleaver (Formicid Fighter)              Turns: 10169, Time: 00:29:04

Health: -5/81      AC: 22    Str: 20 (21) XL:     11   Next: 14%
Magic:  12/14      EV: 18    Int:  6      God:    Okawaru [*.....]
Gold:   573        SH: 14    Dex: 18      Spells: 6/10 levels left

rFire    + . .     SeeInvis +   P - +3 battleaxe (curse)
rCold    . . .     Gourm    .   A - +0 plate armour
rNeg     . . .     Faith    .   c - +0 shield
rPois    .         Spirit   .   (helmet unavailable)
rElec    .         Reflect  .   J - +0 cloak
rCorr    .         Harm     .   (no gloves)
MR       ++...                  z - +2 pair of boots
Stlth    +++.......             (no amulet)
Regen    0.3/turn               d - ring of stealth
MPRegen  0.2/turn               v - +2 ring of protection

@: agile, heroism
A: permanent stasis, dig shafts and tunnels, four strong arms, antennae 3,
hooves 1, deterioration 1, dopey 1, fire resistance 1, high mp 1, magic
resistance 1
a: Dig, Shaft Self, Heroism, Renounce Religion


You were on level 8 of the Dungeon.
You worshipped Okawaru.
Okawaru was aware of your devotion.
You were very hungry.

You visited 2 branches of the dungeon, and saw 10 of its levels.

You collected 573 gold pieces.

Inventory:

Hand Weapons
 t - a +3 dagger of chaos
 B - a cursed -1 whip
 K - a +0 whip of flaming
 P - a cursed +3 battleaxe (weapon)
 S - a +1 flail of protection
Missiles
 i - 74 bolts
 p - 9 javelins (quivered)
 F - 2 throwing nets
Armour
 c - a +0 shield (worn)
 z - a +2 pair of boots (worn)
 A - a +0 plate armour (worn)
 J - a +0 cloak (worn)
Magical Staves
 E - an uncursed staff of conjuration
Jewellery
 d - a ring of stealth (right hand)
 l - an uncursed ring of resist corrosion
 v - a +2 ring of protection (left hand)
 M - an uncursed ring of magical power
Wands
 G - a wand of clouds (1/9)
 Q - a wand of paralysis (12/24)
 R - a wand of digging (8/24)
Scrolls
 e - 2 scrolls of fog {unknown}
 h - 2 scrolls of identify
 j - a scroll of recharging {unknown}
 k - 6 scrolls of remove curse
 n - 2 scrolls of enchant armour {unknown}
 q - a scroll of amnesia {unknown}
 r - a scroll of magic mapping {unknown}
 s - 3 scrolls of enchant weapon {unknown}
 u - a scroll of random uselessness {unknown}
 w - a scroll of teleportation {unknown}
 y - a scroll of blinking {unknown}
 C - 5 scrolls of immolation {unknown}
 I - a scroll of fear
Potions
 a - a potion of flight {unknown}
 x - 6 potions of curing
Books
 b - a book of Cantrips

   Spells                             Type                      Level
   a - Confusing Touch                Hexes                        1
   b - Animate Skeleton               Necromancy                   1
   c - Summon Small Mammal            Summoning                    1
   d - Apportation                    Translocation                1
 D - a book of Minor Magic

   Spells                             Type                      Level
   a - Magic Dart                     Conjuration                  1
   b - Blink                          Translocation                2
   c - Call Imp                       Summoning                    2
   d - Slow                           Hexes                        2
   e - Conjure Flame                  Conjuration/Fire             3
   f - Mephitic Cloud                 Conjuration/Poison/Air       3
 T - a book of Party Tricks

   Spells                             Type                      Level
   a - Summon Butterflies             Summoning                    1
   b - Apportation                    Translocation                1
   c - Lesser Beckoning               Translocation                3
   d - Tukima's Dance                 Hexes                        3
   e - Alistair's Intoxication        Transmutation/Poison         5
   f - Invisibility                   Hexes                        6
Comestibles
 f - 9 bread rations
 g - 4 royal jellies
 m - 7 fruits
 o - 7 meat rations


   Skills:
 + Level 6.1(11.1) Fighting
 + Level 9.0(14.0) Axes
 + Level 3.5(8.5) Throwing
 + Level 7.1(12.1) Armour
 * Level 5.9(10.9) Dodging
 + Level 6.4(11.4) Stealth
 + Level 8.3(13.3) Shields
 * Level 2.8 Invocations


You had 6 spell levels left.
You knew the following spells:

 Your Spells              Type           Power        Failure   Level  Hunger
a - Conjure Flame         Conj/Fire      #.......     100%        3    ####...
b - Apportation           Tloc           #.....       100%        1    ##.....


Dungeon Overview and Level Annotations

Branches:
Dungeon (9/15)             Temple (1/1) D:4
   Lair: D:8-11         Orc: D:9-12

Altars:
Ashenzari
Cheibriados
Dithmenos
Elyvilon
Fedhas
Gozag
Hepliaklqana
Kikubaaqudgha
Makhleb
Nemelex Xobeh
Okawaru
Qazlal
Ru
Sif Muna
Trog
Uskayaw
Vehumet
Xom
Yredelemnul
Zin
The Shining One

Annotations:
D:3 slumpy's ghost, novice FoFi
D:8 Gastronok


Innate Abilities, Weirdness & Mutations

You cannot be hasted, slowed, berserked, paralysed or teleported.
You can dig through walls and to a lower floor.
Your four strong arms can wield two-handed weapons with a shield.
You have a pair of large antennae on your head. (SInv)
You have large cloven feet.
Your body sometimes deteriorates upon taking damage.
You are dopey. (Int -2)
Your flesh is heat resistant. (rF+)
You have an increased reservoir of magic. (+10% MP)
You are resistant to hostile enchantments. (MR+)


Message History

Gastronok's eyestalks quiver as he mumbles some strange words.
Your skin takes on a slight green cast.
You slash Gastronok!
Gastronok is moderately wounded.
You slice Gastronok!!
Gastronok is heavily wounded.
Gastronok mumbles some strange words.
Your legs wobble like jelly.
You slash Gastronok!
Gastronok is heavily wounded.
You hit Gastronok.
Gastronok is heavily wounded.
Gastronok's eyestalks quiver as he mumbles some strange words.
Your legs wobble like jelly.
You hit Gastronok but do no damage.
Gastronok is heavily wounded.
You hit Gastronok but do no damage.
Gastronok is heavily wounded.
Gastronok bites you!!
You die...

###############.######.#
#.....
...O....#...............
+.....
#######.#.####.#..####.#
#..... O..# #O#.<#
#.#..# #.# #..... ##.#
#.#.O# #.#..# ######
#.####O#..# #.#..#
#.#....#..###.#...
#.#.####......#w##.
#.#.#####.#####@#
#O#.......#
###.###########
#.#########
#......)......######
#...#
#.#......)..........
###'###
#.###########.######
#.....# . #.......
#.....# #. ########
##.....# # ...{...#


You could see Gastronok.

Vanquished Creatures
  Erica (D:8)
  A two-headed ogre (D:8)
  Pikel (D:5)
  Psyche (D:9)
  Prince Ribbit (D:7)
  A hippogriff (D:9)
  Grinder (D:3)
  Eustachio (D:6)
  A water moccasin (D:9)
  An ice beast (D:7)
  4 sky beasts
  6 ogres
  A phantom (D:6)
  A necrophage (D:9)
  5 centaurs
  2 bullfrogs
  3 scorpions
  3 killer bees (D:9)
  10 wights (D:9)
  3 howler monkeys
  4 crimson imps (D:6)
  4 hounds
  3 orc wizards (D:9)
  3 bullfrog zombies
  A centaur skeleton (D:9)
  A jelly (D:7)
  An orc priest (D:9)
  An iguana (D:5)
  5 worker ants
  4 gnolls
  10 adders
  2 shadow imps
  3 adder zombies
  An adder skeleton (D:8)
  4 worms
  5 dart slugs
  6 leopard geckos
  28 orcs
  7 bats
  4 giant cockroaches
  10 goblins
  6 hobgoblins
  2 jackals (D:7)
  9 kobolds
  10 quokkas
  2 ball pythons
  5 frilled lizards
  A leopard gecko zombie (D:7)
  3 rats
193 creatures vanquished.

Vanquished Creatures (others)
  3 slaves (D:6)
3 creatures vanquished.

Grand Total: 196 creatures vanquished

Notes
Turn   | Place    | Note
-------+----------+-------------------------------------------
     0 | D:1      | slumpy the Formicid Fighter began the quest for the Orb.
     0 | D:1      | Reached XP level 1. HP: 18/18 MP: 1/1
   212 | D:1      | Reached XP level 2. HP: 20/24 MP: 2/2
   480 | D:1      | Reached XP level 3. HP: 5/29 MP: 3/3
  1303 | D:2      | Found a hazy altar of Hepliaklqana.
  1327 | D:2      | Reached skill level 1 in Dodging
  1327 | D:2      | Reached XP level 4. HP: 30/35 MP: 4/4
  1631 | D:2      | Reached skill level 3 in Axes
  1700 | D:2      | Found a bloodstained altar of Trog.
  1791 | D:3      | Noticed slumpy's ghost (novice FoFi)
  1968 | D:3      | Reached XP level 5. HP: 39/41 MP: 5/5
  2246 | D:3      | Noticed Grinder
  2799 | D:4      | Found a glowing golden altar of the Shining One.
  2970 | D:4      | Found a staircase to the Ecumenical Temple.
  2978 | Temple   | Entered the Ecumenical Temple
  3248 | D:4      | Noticed an ogre
  3253 | D:4      | Killed an ogre
  3253 | D:4      | Reached XP level 6. HP: 48/48 MP: 6/6
  3538 | D:4      | Reached skill level 4 in Axes
  3538 | D:4      | Reached skill level 5 in Shields
  3630 | D:4      | You fall through a shaft for 2 floors!
  3667 | D:5      | Entered Level 5 of the Dungeon
  3682 | D:5      | Reached XP level 7. HP: 48/54 MP: 7/7
  3907 | D:5      | Reached skill level 1 in Stealth
  3937 | D:5      | Learned a level 3 spell: Conjure Flame
  4731 | D:3      | Killed Grinder
  4731 | D:3      | Reached skill level 5 in Axes
  4731 | D:3      | Reached skill level 1 in Throwing
  4731 | D:3      | Reached skill level 5 in Armour
  4731 | D:3      | Reached XP level 8. HP: 40/61 MP: 8/8
  5953 | D:6      | Found a snail-covered altar of Cheibriados.
  6168 | D:6      | Reached XP level 9. HP: 61/67 MP: 9/9
  6410 | D:6      | Noticed Eustachio
  6415 | D:6      | Noticed Pikel
  6523 | D:5      | Killed Pikel
  6523 | D:5      | Reached skill level 5 in Fighting
  6523 | D:5      | Reached skill level 6 in Axes
  6523 | D:5      | Reached skill level 5 in Stealth
  6598 | D:6      | Killed Eustachio
  7142 | D:7      | Noticed Prince Ribbit
  7413 | D:7      | Killed Prince Ribbit
  7501 | D:7      | Found a sparkling altar of Nemelex Xobeh.
  7505 | D:7      | Found an ancient bone altar of Kikubaaqudgha.
  7860 | D:8      | Gained mutation: Armour fits poorly on your strangely shaped body. [mutagenic meat]
  7861 | D:8      | Gained mutation: You are dopey. (Int -2) [mutagenic meat]
  7862 | D:8      | Gained mutation: You are frail. (-10% HP) [mutagenic meat]
  7923 | D:8      | Reached skill level 7 in Axes
  7923 | D:8      | Reached XP level 10. HP: 66/66 MP: 10/10
  8017 | D:8      | Found a glowing silver altar of Zin.
  8219 | D:8      | Noticed a two-headed ogre
  8395 | D:8      | Lost mutation: You are frail. (-10% HP) [potion of mutation]
  8395 | D:8      | Lost mutation: Armour fits poorly on your strangely shaped body. [potion of mutation]
  8395 | D:8      | Lost mutation: You are dopey. (Int -2) [potion of mutation]
  8395 | D:8      | Gained mutation: You are resistant to hostile enchantments. (MR+) [potion of mutation]
  8395 | D:8      | Gained mutation: Your body sometimes deteriorates upon taking damage. [potion of mutation]
  8395 | D:8      | Gained mutation: You have large cloven feet. [potion of mutation]
  8395 | D:8      | Gained mutation: You have an increased reservoir of magic. (+10% MP) [potion of mutation]
  8817 | D:9      | Noticed Psyche
  8828 | D:9      | Killed Psyche
  8828 | D:9      | Reached skill level 5 in Dodging
  9138 | D:9      | Gained mutation: You are dopey. (Int -2) [mutagenic meat]
  9141 | D:9      | Gained mutation: Your flesh is heat resistant. (rF+) [mutagenic meat]
  9185 | D:9      | Reached skill level 8 in Axes
  9452 | D:9      | Learned a level 1 spell: Apportation
  9510 | D:9      | Found an iron altar of Okawaru.
  9530 | D:9      | Became a worshipper of Warmaster Okawaru
 10128 | D:8      | Noticed Erica
 10137 | D:8      | Reached skill level 1 in Invocations
 10145 | D:8      | Killed Erica
 10145 | D:8      | Reached XP level 11. HP: 42/81 MP: 11/13
 10150 | D:8      | Killed a two-headed ogre
 10150 | D:8      | Reached * piety under Okawaru
 10150 | D:8      | Reached skill level 9 in Axes
 10154 | D:8      | Noticed Gastronok
 10155 | D:8      | HP: 2/81 [Gastronok/the air (28)]
 10169 | D:8      | Slain by Gastronok

Vault maps used:
D:1:      lightli_arrival_statuegarden
D:2:      lemuel_crystal_altar, lemuel_doored_altar, minmay_tromino_v4_c
D:3:      minmay_parallelograms, uniq_grinder
D:4:      temple_doors_cd, nicolae_tso_swordbearing_angel
D:5:      first_bread, grunt_ministairs_8
D:6:      kennysheep_slug_shrine, uniq_eustachio, uniq_pikel
D:7:      grunt_temple_overflow_open, grunt_ogre_cave,
          minmay_misc_feat_secret_circle, uniq_prince_ribbit1
D:8:      zin_statuary, uniq_erica, uniq_gastronok
D:9:      okawaru_metal_pillars_1_2, uniq_psyche
Temple:   minmay_temple_curvy_branch

Skill      XL: |  1  2  3  4  5  6  7  8  9 10 11 |
---------------+----------------------------------+-----
Shields        | 4 5 6 8 |  8.3
Dodging        | 1 2 3 4 5 |  5.9
Axes           | 3 4 5 7 8 9 |  9.0
Armour         | 4 5 6 7 |  7.1
Fighting       | 4 5 6 |  6.1
Stealth        | 3 4 6 |  6.4
Throwing       | 1 2 3 |  3.5
Invocations    | 2 |  2.8

Action                   |  1- 3 |  4- 6 |  7- 9 | 10-12 || total
-------------------------+-------+-------+-------+-------++-------
Melee: War axe           |    99 |   147 |   344 |   168 ||   758
       Battleaxe         |       |       |       |   101 ||   101
Throw: Javelin           |       |    15 |    55 |    10 ||    80
Invok: Heroism           |       |       |       |     1 ||     1
Evoke: Wand              |       |       |       |     1 ||     1
  Use: Potion            |       |     1 |     1 |     5 ||     7
       Scroll            |       |       |       |     9 ||     9
 Stab: Invisible         |       |       |       |     3 ||     3
  Eat: Chunk             |     1 |     8 |    17 |    11 ||    37
Armor: Scale mail        |    54 |    60 |       |       ||   114
       Plate armour      |       |    45 |   168 |   139 ||   352
       Skin              |       |       |       |    16 ||    16
Dodge: Dodged            |    31 |    52 |    74 |    97 ||   254
Block: Shield            |    61 |    98 |   165 |   173 ||   497
